Map: King's Cove LE

Players

SandboX

  • Race: Zerg Zerg
  • League: Gold
  • Spawn Location: 5:00

Momus - Winner!

  • Race: Protoss Protoss
  • League: Platinum
  • Spawn Location: 11:00

VOD

Have the link to the VOD?

Description

Time

  • Played on: Aug. 11, 2019, 11:36 p.m.
  • Length: 7:58
Show
View Real Time Build Order
Export as new Build Order

SandboX Zerg 

Build Orders: Hatch First 

Get SALT Encoding   

  12  0:01  Drone  
  13  0:13  Overlord  
  13  0:24  Drone  
  14  0:31  Drone x2  
  14  0:35  Drone  
  17  0:57  Hatchery  
  17  1:00  Drone  
  17  1:02  Drone  
  18  1:06  Extractor  
  17  1:23  Spawning Pool  
  16  1:32  Drone x2  
  17  1:33  Drone  
  19  1:52  Overlord  
  19  2:10  Zergling x4  
  19  2:11  Queen  
  19  2:15  Queen  
  25  2:20  Zergling x2  
  26  2:25  Metabolic Boost  
  26  2:29  Drone  
  27  2:40  Drone x3  
  30  2:57  Drone  
  30  2:58  Drone x2  
  33  3:10  Hatchery  
  32  3:15  Overlord  
  32  3:17  Drone  
  33  3:30  Drone x3  
  33  3:31  Overlord  
  36  3:46  Drone x6  
  42  3:55  Roach Warren  
  41  3:59  Extractor  
  41  4:00  Extractor  
  39  4:04  Overlord  
  39  4:05  Overlord  
  39  4:06  Drone x2  
  41  4:26  Lair  
  41  4:27  Evolution Chamber  
  41  4:29  Evolution Chamber  
  39  4:32  Queen  
  39  4:34  Drone x3  
  39  4:35  Drone  
  45  4:50  Drone x6  
  51  4:59  Drone x4  
  55  5:11  Roach x2  
  55  5:12  Roach x2  
  63  5:16  Spore Crawler  
  63  5:18  Spore Crawler  
  61  5:23  Spore Crawler  
  61  5:26  Spore Crawler  
  61  5:27  Spore Crawler  
  58  5:29  Drone x2  
  60  5:56  Drone x6  
  66  6:00  Zerg Ground Armor Level 1, Zerg Missile Weapons Level 1  
  66  6:05  Overlord x3  
  66  6:24  Roach  
  66  6:25  Roach x3  
  70  6:35  Roach x3  
  73  6:45  Hydralisk Den  
  72  6:49  Overlord x7  
  72  7:07  Overlord x4  
  53  7:17  Roach x6  
  58  7:24  Roach  
  48  7:33  Roach x2  
Show
View Real Time Build Order
Export as new Build Order

Momus Protoss - Winner!

Build Orders:  

Get SALT Encoding   

  1  0:00  Probe  
  13  0:09  Probe  
  14  0:23  Pylon  
  14  0:26  Probe  
  15  0:41  Probe  
  16  0:48  Gateway  
  16  0:52  Assimilator  
  16  0:54  Probe  
  17  1:06  Probe  
  18  1:18  Probe, Pylon  
  19  1:30  Probe  
  20  1:37  Cybernetics Core  
  20  2:01  Assimilator  
  20  2:07  Gateway x2  
  20  2:18  Warp Gate  
  20  2:24  Stalker  
  22  2:51  Pylon  
  22  2:53  Zealot  
  24  3:06  Sentry  
  24  3:15  Sentry  
  24  3:16  Nexus  
  24  3:17  Pylon  
  28  3:32  Probe  
  29  3:45  Forge  
  29  3:52  Shield Battery  
  29  4:05  Probe  
  29  4:07  Pylon  
  30  4:14  Gateway  
  30  4:17  Probe  
  30  4:22  Stalker  
  33  4:25  Sentry  
  33  4:30  Sentry  
  37  4:41  Probe  
  37  4:42  Probe  
  39  4:53  Robotics Facility  
  39  4:54  Probe  
  39  4:55  Probe  
  41  5:06  Probe  
  43  5:07  Probe  
  43  5:18  Pylon  
  43  5:22  Stalker  
  45  5:36  Stalker  
  45  5:37  Stalker  
  49  5:45  Stalker  
  49  5:49  Pylon  
  51  5:53  Immortal  
  55  6:07  Stalker x2  
  59  6:37  Immortal  
  59  6:42  Stalker x4  
  59  7:36  Stalker  
  61  7:37  Stalker x2, Zealot  
  67  7:51  Nexus  
Tags
 
Add a new tag
Caveats
  • Supply blocks, unpowered buildings, or Contaminate may cause inaccurate times.
  • Supply counts are checked every 10 seconds.